 Dungeon Crawl Stone Soup version 0.29-a0-994-gc5c9f59d18 (webtiles) character file.

Game seed: 6502253516071582734

18 melkoren the Trooper (level 2, 0/27 HPs)
             Began as a Minotaur Berserker on Aug 4, 2022.
             Was a Follower of Trog.
             Succumbed to a kobold's poison
             ... on level 1 of the Dungeon.
             The game lasted 00:04:33 (665 turns).

melkoren the Trooper (Minotaur Berserker)            Turns: 665, Time: 00:04:34

Health: 0/27       AC:  2    Str: 21    XL:     2   Next: 48%
Magic:  1/1        EV: 12    Int:  4    God:    Trog [*.....]
Gold:   25         SH:  0    Dex:  9    Spells: 1/1 levels left

rFire   . . .      SeeInvis .   a - +0 hand axe
rCold   . . .      Faith    .   (no shield)
rNeg    . . .      Spirit   .   b - +0 animal skin
rPois   .          Reflect  .   (helmet restricted)
rElec   .          Harm     .   (no cloak)
rCorr   .          Rampage  .   (no gloves)
Will    .....                   (no boots)
Stlth   +.........              (no amulet)
HPRegen 0.09/turn               (no ring)
MPRegen 0.07/turn               (no ring)

@: lethally poisoned (0 -> -5)
A: horns 2, retaliatory headbutt
a: Renounce Religion, Berserk


You were on level 1 of the Dungeon.
You worshipped Trog.
Trog was aware of your devotion.
You visited 1 branch of the dungeon, and saw 1 of its levels.

You collected 25 gold pieces.


Innate Abilities, Weirdness & Mutations

You have a pair of horns on your head.
You reflexively headbutt those who attack you in melee.


   Skills:
 + Level 3.9 Fighting
 + Level 3.9 Axes
 + Level 2.8 Armour
 + Level 2.5 Dodging


You had one spell level left.
You didn't know any spells.
Your spell library was empty.

Inventory:

Hand Weapons
 a - a +0 hand axe (weapon)
Missiles
 d - 5 poisoned darts (quivered)
 f - 18 stones
Armour
 b - a +0 animal skin (worn)
 e - a +0 chain mail
   (You found it on level 1 of the Dungeon)
 j - a +0 robe
   (You found it on level 1 of the Dungeon)
 k - a +0 robe
   (You found it on level 1 of the Dungeon)
 l - a +0 ring mail
   (You found it on level 1 of the Dungeon)
Scrolls
 c - 2 scrolls of identify {unknown}
 g - a scroll of enchant weapon {unknown}
 h - a scroll of teleportation {unknown}
 i - 2 scrolls of amnesia {unknown}
Potions
 m - a potion of curing {unknown}

Dungeon Overview and Level Annotations

Branches:
Dungeon (1/15) Zot: 5331

Altars:

#................#....#
#......###########....#
#.....................#
......................#
....>.................#
.................######
#..............g.####
#..............S).!.####
######..........@.......
..................
.....[..........).
#####..........
#.......... ###########


You could see a goblin and a ball python.


Message History

The kobold attacks as you move away! The kobold closely misses you.
You hit the kobold but do no damage. The kobold completely misses you.
You barely miss the kobold. The kobold closely misses you.
You hit the kobold.
The kobold hits you with a +1 dagger of holy wrath. 😮 HP[-3]
You take 3 damage, and now have 20/27 hp.
You barely miss the kobold. Your headbutt misses the kobold.
The kobold hits you with a +1 dagger of holy wrath. 😮 HP[-2]
You take 2 damage, and now have 18/27 hp.
You hit the kobold.
You kill the kobold!
Trog accepts your kill.
Things that are here:
a +1 dagger of holy wrath; a kobold corpse 😮 HP[+1]
Things that are here:
a +0 dagger; a kobold corpse 😮 HP[+1]
Things that are here:
a +0 dagger; a kobold corpse 😕 HP[+1]
c - 2 scrolls labelled HAUMAV QUSON (gained 1)
Things that are here:
a +0 dagger; a kobold corpse
m - a sedimented golden potion 😎 HP[+6]
Your hp is fully restored (27).
i - 2 scrolls labelled UNKUARACSE (gained 1)
A goblin comes into view. It is wielding a +0 club.
A kobold and a ball python come into view.
The kobold is wielding a +1 short sword of venom.
The kobold shouts!
A hobgoblin comes into view.
The hobgoblin shouts!
You slash the hobgoblin!
You kill the hobgoblin!
Trog accepts your kill.
You hit the goblin. You hit the ball python.
The goblin hits you with a +0 club.
The ball python bites you but does no damage.
The ball python grabs you.
The ball python constricts you. 😕 HP[-4]
You take 4 damage, and now have 23/27 hp.
You hit the kobold. You barely miss the goblin.
You barely miss the ball python.
The kobold hits you with a +1 short sword of venom.
The goblin barely misses you. The ball python bites you.
The ball python constricts you. 😮 HP[-5]
You take 5 damage, and now have 18/27 hp.
You closely miss the kobold. You hit the goblin.
You hit the ball python but do no damage.
The ball python closely misses you. The ball python constricts you.
The goblin hits you with a +0 club. The kobold barely misses you.
The ball python closely misses you. The ball python constricts you.
* * * LOW HITPOINT WARNING * * *
The goblin hits you with a +0 club.
* * * LOW HITPOINT WARNING * * *
The kobold closely misses you. 😨 HP[-8]
You take 8 damage, and now have 10/27 hp.
MASSIVE DAMAGE!! (PAUSE)
You closely miss the kobold. Your headbutt misses the kobold.
You barely miss the goblin. You hit the ball python.
The ball python closely misses you. The ball python constricts you.
* * * LOW HITPOINT WARNING * * *
The goblin hits you with a +0 club.
* * * LOW HITPOINT WARNING * * *
The kobold hits you with a +1 short sword of venom.
* * * LOW HITPOINT WARNING * * *
You are lethally poisoned! 😨 HP[-3]
You take 3 damage, and now have 7/27 hp.
You hit the kobold.
You kill the kobold!
Trog accepts your kill.
You hit the goblin but do no damage.
You hit the ball python but do no damage.
* * * LOW HITPOINT WARNING * * *
You feel very sick. The ball python closely misses you.
The ball python constricts you.
* * * LOW HITPOINT WARNING * * *
The goblin misses you. 😱 HP[-4]
You take 4 damage, and now have 3/27 hp.
You escape the ball python's grasp.
* * * LOW HITPOINT WARNING * * *
You feel sick. The ball python barely misses you. The ball python grabs you.
The ball python constricts you. The goblin barely misses you.
Things that are here:
a +1 short sword of venom; a kobold corpse 😱 HP[-2]
You take 2 damage, and now have 1/27 hp.
You escape the ball python's grasp.
The goblin attacks as you move away! The goblin closely misses you.
You die...

Action                   || total
-------------------------++-------
Melee: Hand axe          ||    29
       Headbutt          ||     3
Armor: Animal skin       ||     5
Dodge: Dodged            ||    44

Levels and vault maps discovered:
D:1:      dpeg_arrival_tiny_g, layout_basic, ebering_ecumenical_altar_hall

Notes
Turn   | Place    | Note
-------+----------+-------------------------------------------
     0 | D:1      | melkoren the Minotaur Berserker began the quest for the
                  | Orb.
     0 | D:1      | Reached XP level 1. HP: 19/19 MP: 0/0
     0 | D:1      | magus.rc [v1.11.3]
   266 | D:1      | Reached XP level 2. HP: 25/27 MP: 1/1
   300 | D:1      | Found a faded altar of an unknown god.
   663 | D:1      | HP: 4/27 [poisoned by a kobold]
   664 | D:1      | HP: 1/27 [poisoned by a kobold]
   665 | D:1      | Succumbed to a kobold's poison

Vanquished Creatures
  A goblin (D:1)
  2 hobgoblins (D:1)
  4 kobolds (D:1)
  A quokka (D:1)
  5 bats (D:1)
  A frilled lizard (D:1)
  3 rats (D:1)
17 creatures vanquished.

Table legend:
 A = Non-vault XP
 B = Vault XP
 C = Vault XP percentage of total XP
 D = Non-vault monster count
 E = Vault monster count
 F = Vault count percentage of total count
                 A         B        C        D         E       F
            +---------+---------+-------+---------+---------+-------
      Total |      26 |       0 |   0.0 |      17 |       0 |   0.0
            +---------+---------+-------+---------+---------+-------
        D:1 |      26 |       0 |   0.0 |      17 |       0 |   0.0
            +---------+---------+-------+---------+---------+-------

Illustrated notes

Table legend:
 A = Kills in this place as a percentage of kills in entire the game.
 B = Kills by you in this place as a percentage of kills by you in the entire game.
 C = Kills by friends in this place as a percentage of kills by friends in the entire game.
 D = Other kills in this place as a percentage of other kills in the entire game.
 E = Experience gained in this place as a percentage of experience gained in the entire game.
 F = Experience gained in this place divided by the number of levels of this place that you have seen.
                   A       B       C       D       E      F
               +-------+-------+-------+-------+-------+----------------------
         Total | 100.0 | 100.0 |   N/A |   N/A | 100.0 |  26.0
       Dungeon | 100.0 | 100.0 |   N/A |   N/A | 100.0 |  26.0
               +-------+-------+-------+-------+-------+----------------------

Table legend: (Time is in decaauts)
 A = Elapsed time spent in this place.
 B = Non-inter-level travel time spent in this place.
 C = Inter-level travel time spent in this place.
 D = Time resting spent in this place.
 E = Time spent auto-exploring this place.
 F = Levels seen in this place.
 G = Mean time per level.
                   A        B        C        D        E       F      G
               +--------+--------+--------+--------+--------+-----+--------+
         Total |    668 |    668 |      0 |      0 |    456 |   1 |  668.0 |
       Dungeon |    668 |    668 |      0 |      0 |    456 |   1 |  668.0 |
               +--------+--------+--------+--------+--------+-----+--------+

Top non-repeatable levels by time:
     D:1: 668 daAuts
